 Dungeon Crawl Stone Soup version 0.20.0-15-g7f486f2 (webtiles) character file.

1071 vishdafish the Cudgeler (level 8, 0/48 HPs)
             Began as a Gargoyle Fighter on June 21, 2017.
             Was an Initiate of Okawaru.
             Killed from afar by Dowan (12 damage)
             ... with a stone arrow
             ... on level 5 of the Dungeon.
             The game lasted 00:08:41 (4133 turns).

vishdafish the Cudgeler (Gargoyle Fighter)          Turns: 4133, Time: 00:08:42

Health: 0/48       AC: 12    Str: 21    XL:     8   Next: 28%
Magic:  8/8        EV:  8    Int:  9    God:    Okawaru [......]
Gold:   230        SH: 10    Dex: 10    Spells: 7/7 levels left

rFire    . . .     SeeInvis .   a - +0 flail
rCold    . . .     Gourm    .   c - +0 shield
rNeg     + . .     Faith    .   b - +0 scale mail
rPois    ∞         Spirit   .   (no helmet)
rElec    +         Reflect  .   (no cloak)
rCorr    .         Harm     .   (no gloves)
MR       .....                  (no boots)
Stlth    ..........             (no amulet)
Regen    0.2/turn               (no ring)
MPRegen  0.2/turn               (no ring)

@: no status effects
A: negative energy resistance 1, electricity resistance, unbreathing,
petrification resistance, rot immunity, AC +5
a: Renounce Religion


You were on level 5 of the Dungeon.
You worshipped Okawaru.
Okawaru was noncommittal.
You were not hungry.

You visited 2 branches of the dungeon, and saw 6 of its levels.

You collected 230 gold pieces.

Inventory:

Hand Weapons
 a - a +0 flail (weapon)
Armour
 b - a +0 scale mail (worn)
 c - a +0 shield (worn)
Scrolls
 d - a scroll of amnesia {unknown}
 e - 2 scrolls of remove curse
 l - 6 scrolls of identify {unknown}
 q - a scroll of enchant weapon {unknown}
 r - a scroll of random uselessness {unknown}
 s - a scroll of noise {unknown}
Potions
 h - 2 potions of magic {unknown}
 i - a potion of flight {unknown}
 k - a potion of degeneration {unknown}
 n - 3 potions of lignification
 o - a potion of agility {unknown}
 p - a potion of cancellation {unknown}
Comestibles
 f - 9 bread rations
 j - 3 royal jellies
 m - 4 fruits


   Skills:
 + Level 4.6 Fighting
 + Level 6.1 Maces & Flails
 + Level 5.4 Armour
 + Level 1.9 Dodging
 + Level 1.0 Stealth
 + Level 5.8 Shields
 * Level 0.9 Invocations


You had 7 spell levels left.
You didn't know any spells.

Dungeon Overview and Level Annotations

Branches:
Dungeon (5/15)             Temple (1/1) D:4

Altars:
Cheibriados
Dithmenos
Elyvilon
Hepliaklqana
Kikubaaqudgha
Makhleb
Nemelex Xobeh
Okawaru
Qazlal
Ru
Sif Muna
Trog
Uskayaw
Vehumet
Xom
Yredelemnul
Zin
The Shining One

Annotations:
D:5 Dowan


Innate Abilities, Weirdness & Mutations

You are resistant to torment.
Your stone body is resilient. (AC +5)
You are immune to poison.
You resist negative energy. (rN+)
You are resistant to electric shocks. (rElec)
You can survive without breathing.
You are immune to petrification.
You are immune to rotting.


Message History

Dowan is heavily wounded.
You block Dowan's attack.
You thump Dowan!
Dowan is almost dead.
You block Dowan's attack. Dowan gestures at you while chanting.
The stone arrow hits you!
You closely miss Dowan.
Dowan is almost dead.
Dowan points at you and mumbles some strange words.
The shard of ice hits you!
* * * LOW HITPOINT WARNING * * *
Dowan hits you with a dagger.
* * * LOW HITPOINT WARNING * * *
Okay, then.
Dowan shakes with grief.
Dowan says, "How can I live without her?"
Dowan gestures at you while chanting. The stone arrow hits you!
You die...

....... #......#
#'##'#. ....##.# .
#..#. .....# # #. #.
.._...# #.
#######.#...$.##
+#P.#####.......#.....#
.........)).....####(.#
.###.....########
.......<..@e..#
####.#####.##)#
.........#..#
.##.#######... ###
#..#[ ..# #..#.# ..###
#### # .... [.#


You could see Dowan.

Vanquished Creatures
  Grinder (D:4)
  The ghost of Wanze the Skirmisher, an amateur HOMo (D:3)
  Menkaure (D:5)
  Duvessa (D:5)
  A howler monkey (D:4)
  2 hounds (D:4)
  Natasha (D:2)
  An iguana (D:4)
  Terence (D:2)
  3 orc wizards
  A worker ant (D:5)
  3 gnolls (D:5)
  A howler monkey skeleton (D:5)
  11 adders
  An ooze (D:3)
  An adder skeleton (D:4)
  5 worms
  2 dart slugs
  3 leopard geckos
  5 orcs
  2 giant cockroaches
  9 goblins
  9 hobgoblins
  2 jackals (D:3)
  2 quokkas
  2 ball pythons
  9 bats
  8 frilled lizards
  4 kobolds
  A quokka skeleton (D:4)
  7 rats
101 creatures vanquished.

Notes
Turn   | Place    | Note
-------+----------+-------------------------------------------
     0 | D:1      | vishdafish the Gargoyle Fighter began the quest for the Orb.
     0 | D:1      | Reached XP level 1. HP: 14/14 MP: 1/1
    75 | D:1      | Reached XP level 2. HP: 18/19 MP: 2/2
   470 | D:2      | Reached XP level 3. HP: 23/23 MP: 3/3
   516 | D:2      | Reached XP level 4. HP: 29/29 MP: 4/4
   765 | D:2      | Noticed Natasha
   778 | D:2      | Killed Natasha
   778 | D:2      | Reached skill level 3 in Maces & Flails
   787 | D:2      | Noticed Terence
   792 | D:2      | Killed Terence
   792 | D:2      | Reached XP level 5. HP: 27/33 MP: 5/5
   994 | D:2      | Reached skill level 1 in Dodging
  1480 | D:3      | Found a white marble altar of Elyvilon.
  1682 | D:3      | Noticed Wanze's ghost (amateur HOMo)
  1704 | D:3      | Killed Wanze's ghost
  1704 | D:3      | Reached skill level 4 in Maces & Flails
  1704 | D:3      | Reached skill level 5 in Shields
  1704 | D:3      | Reached XP level 6. HP: 24/38 MP: 6/6
  2339 | D:4      | Noticed Grinder
  2352 | D:4      | Paralysed by Grinder for 2 turns
  2389 | D:4      | Paralysed by Grinder for 3 turns
  2393 | D:4      | Paralysed by Grinder for 6 turns
  2416 | D:4      | Paralysed by Grinder for 3 turns
  2422 | D:4      | Paralysed by Grinder for 2 turns
  2424 | D:4      | Killed Grinder
  2424 | D:4      | Reached skill level 5 in Maces & Flails
  2424 | D:4      | Reached XP level 7. HP: 3/44 MP: 7/7
  2705 | D:4      | Found a glowing golden altar of the Shining One.
  2733 | D:4      | Reached skill level 1 in Stealth
  3083 | D:4      | Found a staircase to the Ecumenical Temple.
  3193 | D:4      | Found a shadowy altar of Dithmenos.
  3250 | D:4      | Reached skill level 5 in Armour
  3267 | Temple   | Entered the Ecumenical Temple
  3364 | Temple   | Became a worshipper of Warmaster Okawaru
  3504 | D:5      | Entered Level 5 of the Dungeon
  3655 | D:5      | Noticed Menkaure
  3666 | D:5      | Killed Menkaure
  3666 | D:5      | Reached XP level 8. HP: 21/48 MP: 8/8
  3690 | D:5      | Found a hide-covered altar of Uskayaw.
  4092 | D:5      | Reached skill level 6 in Maces & Flails
  4098 | D:5      | Noticed Dowan
  4100 | D:5      | Noticed Duvessa
  4120 | D:5      | Killed Duvessa
  4133 | D:5      | Killed from afar by Dowan

Skill      XL: |  1  2  3  4  5  6  7  8 |
---------------+-------------------------+-----
Shields        | 4 5 |  5.8
Maces & Flails | 3 4 5 6 |  6.1
Dodging        | 1 |  1.9
Armour         | 4 5 |  5.4
Fighting       | 4 |  4.6
Stealth        | 1 |  1.0
Invocations    | |  0.9

Action                   |  1- 3 |  4- 6 |  7- 9 || total
-------------------------+-------+-------+-------++-------
Melee: Flail             |   102 |   244 |   143 ||   489
  Use: Potion            |       |     6 |     1 ||     7
       Scroll            |       |       |     3 ||     3
  Eat: Meat ration       |       |     1 |     1 ||     2
       Chunk             |       |     1 |       ||     1
Armor: Scale mail        |    76 |   125 |    83 ||   284
       Skin              |       |     1 |       ||     1
Dodge: Dodged            |    50 |    62 |    44 ||   156
Block: Shield            |    69 |   131 |    77 ||   277
